[Event "Titled Tuesday Blitz May 16 Early 2023"]
[White "Khamdamova, Afruza"]
[Black "Korpics, Zsolt"]
[WhiteFideId "14210444"]
[BlackFideId "705241"]
[WhiteElo "2312"]
[BlackElo "2353"]
[Result "1-0"]
[Round "08"]
[TimeControl "180+2"]
[Date "2023.05.16"]
[WhiteClock "0:00:07"]
[BlackClock "0:00:06"]

1. d4 Nf6 2. Nf3 e6 3. g3 b5 4. Bg2 Bb7 5. O-O c5 6. b3 cxd4 7. Qxd4 Nc6 8. Qd1 Be7 9. Bb2 O-O 10. Nbd2 d5 11. a4 b4 12. Ne5 Nxe5 13. Bxe5 Nd7 14. Bb2 Bf6 15. Bxf6 Nxf6 16. Nf3 Qc7 17. Qd4 a5 18. Rac1 Rac8 19. Rfd1 Ne4 20. e3 f6 21. Ne1 Nc3 22. Rd2 e5 23. Qd3 Rfd8 24. Qf5 Qb6 25. Nd3 Rc7 26. Bh3 Bc8 27. Qh5 Ne4 28. Re2 Ng5 29. Bxc8 Rdxc8 30. f4 e4 31. Ne1 Ne6 32. Qxd5 Qc6 33. Qxa5 Qc3 34. Qd5 Qc6 35. Qxc6 Rxc6 36. Rd2 Nc5 37. Rcd1 Ne6 38. Rd6 Kf7 39. Rxc6 Rxc6 40. Rd7+ Ke8 41. Rb7 Rd6 42. Rxb4 Rd1 43. Rxe4 Kd7 44. Kf2 Rd2+ 45. Kf1 Rxh2 46. Ng2 Rh3 47. Kf2 Nc5 48. Rd4+ Ke6 49. a5 f5 50. b4 Ne4+ 51. Kg1 Rxg3 52. a6 Rg6 53. a7 Rxg2+ 54. Kxg2 Kf6 55. Rxe4 fxe4 56. a8=Q Kg6 57. Qd5 h6 58. Qxe4+ Kf6 59. Qe5+ Kf7 60. f5 Kg8 61. Qe6+ Kh7 62. f6 Kh8 63. Qe8+ Kh7 64. Qf7 h5 65. Qxg7# 1-0


[Site "https://www.chess.com"]

[Event "Titled Tuesday Blitz May 16 Early 2023"]
[White "Shapiro, Viktor"]
[Black "Melikhov, Evgeny V."]
[WhiteFideId "4175700"]
[BlackFideId "4122046"]
[WhiteElo "2152"]
[BlackElo "2158"]
[Result "1-0"]
[Round "08"]
[TimeControl "180+2"]
[Date "2023.05.16"]
[WhiteClock "0:00:58"]
[BlackClock "0:00:24"]

1. c4 e6 2. Nc3 d5 3. d4 Bb4 4. Nf3 Nf6 5. Bg5 h6 6. Bh4 c5 7. a3 Bxc3+ 8. bxc3 g5 9. Bg3 Qa5 10. Qc2 Ne4 11. Rc1 Qxa3 12. e3 h5 13. Bd3 h4 14. Bxb8 Rxb8 15. Bxe4 dxe4 16. Nxg5 f5 17. O-O Qa5 18. f3 Qd8 19. Nh3 exf3 20. Rxf3 b6 21. e4 Bb7 22. d5 Rg8 23. Re1 exd5 24. exd5+ Kd7 25. Qxf5+ Kc7 26. Qf7+ Qd7 27. Re7 Rgd8 28. Ng5 1-0


[Site "https://www.chess.com"]

[Event "Titled Tuesday Blitz May 16 Early 2023"]
[White "Llanos, Guillermo"]
[Black "Golubev, Mikhail"]
[WhiteFideId "100358"]
[BlackFideId "14100983"]
[WhiteElo "2225"]
[BlackElo "2374"]
[Result "0-1"]
[Round "08"]
[TimeControl "180+2"]
[Date "2023.05.16"]
[WhiteClock "0:00:06"]
[BlackClock "0:00:42"]

1. Nf3 d6 2. g3 g6 3. Bg2 Bg7 4. O-O e5 5. c4 Nc6 6. Nc3 f5 7. d3 h6 8. Rb1 a5 9. Bd2 Nf6 10. a3 O-O 11. b4 axb4 12. axb4 g5 13. b5 Ne7 14. c5 Be6 15. cxd6 cxd6 16. d4 e4 17. Ne1 Qd7 18. f3 exf3 19. Bxf3 Ned5 20. Nxd5 Nxd5 21. Nc2 Rac8 22. e3 Nf6 23. Nb4 Bc4 24. Re1 d5 25. b6 Ne4 26. Rb2 f4 27. Bxe4 dxe4 28. Nc2 f3 29. Kf2 Qh3 30. Rh1 Qg2+ 0-1


[Site "https://www.chess.com"]

[Event "Titled Tuesday Blitz May 16 Early 2023"]
[White "Yurasova, Daria"]
[Black "Szente Varga, Fruzsina"]
[WhiteFideId "34146919"]
[BlackFideId "712264"]
[WhiteElo "2109"]
[BlackElo "1994"]
[Result "1-0"]
[Round "08"]
[TimeControl "180+2"]
[Date "2023.05.16"]
[WhiteClock "0:00:12"]
[BlackClock "0:00:00"]

1. d4 Nf6 2. Bg5 g6 3. Bxf6 exf6 4. e3 d5 5. g3 Bg7 6. Bg2 f5 7. Ne2 O-O 8. O-O c6 9. Nd2 Be6 10. Rc1 Nd7 11. c4 Nf6 12. Nf4 Ne4 13. cxd5 cxd5 14. Nb3 Rc8 15. Qd3 Qd7 16. Qe2 b6 17. h4 Qa4 18. Nd2 Qxa2 19. Nxe4 dxe4 20. Nxe6 Qxe6 21. Qb5 Rxc1 22. Rxc1 Rc8 23. Rd1 Qd6 24. Bf1 Bf6 25. b3 Rc2 26. Bc4 Kg7 27. Qe8 Qe7 28. Qb8 Qd7 29. Ra1 a5 30. h5 Bd8 31. Qe5+ f6 32. Qb8 Qc7 33. Qa8 Kh6 34. hxg6 hxg6 35. Qd5 Kg5 36. Qg8 Kh6 37. Kg2 Kg5 38. Qh8 1-0


[Site "https://www.chess.com"]

[Event "Titled Tuesday Blitz May 16 Early 2023"]
[White "Lehtosaari, Mauri"]
[Black "Topalov, Aleksandar"]
[WhiteFideId "501999"]
[BlackFideId "925659"]
[WhiteElo "2497"]
[BlackElo "2151"]
[Result "0-1"]
[Round "08"]
[TimeControl "180+2"]
[Date "2023.05.16"]
[WhiteClock "0:00:00"]
[BlackClock "0:00:05"]

1. d4 Nf6 2. Nf3 g6 3. Bg5 Bg7 4. Nbd2 d6 5. c3 O-O 6. e4 c5 7. dxc5 dxc5 8. Bc4 Nc6 9. Qe2 Qc7 10. h3 b6 11. Qe3 Bb7 12. e5 Ne8 13. e6 f5 14. h4 Nf6 15. h5 Ng4 16. Qe2 h6 17. hxg6 hxg5 18. Nxg5 Rf6 19. O-O-O Rxg6 20. f4 Qxf4 21. Nf7 Nce5 22. Nxe5 Qxe5 23. Qxe5 Nxe5 24. Bf1 Rxe6 25. Nc4 Rg6 26. Rh2 Rf8 27. Re1 Nxc4 28. Bxc4+ e6 29. Bxe6+ Rxe6 30. Rxe6 Rf7 31. Re8+ Bf8 32. Re5 Be4 0-1


[Site "https://www.chess.com"]

[Event "Titled Tuesday Blitz May 16 Early 2023"]
[White "Manon-og, Ramon Jr."]
[Black "Mrudul Dehankar"]
[WhiteFideId "5200776"]
[BlackFideId "25096990"]
[WhiteElo "2325"]
[BlackElo "2139"]
[Result "0-1"]
[Round "08"]
[TimeControl "180+2"]
[Date "2023.05.16"]
[WhiteClock "0:00:18"]
[BlackClock "0:01:20"]

1. e4 c6 2. d4 d5 3. e5 Bf5 4. Nd2 e6 5. Nb3 Nd7 6. Nf3 Ne7 7. Be2 h6 8. O-O g5 9. c4 dxc4 10. Bxc4 Nb6 11. Bd3 Bxd3 12. Qxd3 Qd5 13. Nc5 O-O-O 14. Bd2 Qxc5 15. dxc5 Rxd3 16. cxb6 axb6 17. Be3 Nd5 18. Ne1 Nxe3 19. Nxd3 Nxf1 20. Kxf1 Bg7 21. Ke2 Rd8 22. Ke3 Rd5 23. Ke4 c5 24. g3 c4 25. Rc1 b5 26. Nb4 Rxe5+ 27. Kf3 Rf5+ 28. Ke3 Bxb2 29. Rc2 Re5+ 30. Kd2 Ba3 31. Nd3 Rd5 32. Ke2 Rxd3 0-1


[Site "https://www.chess.com"]

[Event "Titled Tuesday Blitz May 16 Early 2023"]
[White "Ljukin, Sergei"]
[Black "Rose, Felix"]
[WhiteFideId "14102200"]
[BlackFideId "5105722"]
[WhiteElo "2312"]
[BlackElo "2039"]
[Result "1-0"]
[Round "08"]
[TimeControl "180+2"]
[Date "2023.05.16"]
[WhiteClock "0:02:37"]
[BlackClock "0:01:18"]

1. e4 e5 2. Nf3 Nc6 3. Bb5 a6 4. Ba4 Nf6 5. Qe2 b5 6. Bb3 Bc5 7. c3 O-O 8. d3 Bb7 9. Bg5 Re8 10. Nbd2 Na5 11. Bc2 d5 12. b4 d4 13. bxc5 dxc3 14. Nf1 b4 15. Ne3 h6 16. Bh4 Rb8 17. Ng4 g5 18. Nxh6+ 1-0


[Site "https://www.chess.com"]

[Event "Titled Tuesday Blitz May 16 Early 2023"]
[White "Aakanksha Hagawane"]
[Black "Labussiere, Yago"]
[WhiteFideId "25014510"]
[BlackFideId "2186969"]
[WhiteElo "2081"]
[BlackElo "2160"]
[Result "1-0"]
[Round "08"]
[TimeControl "180+2"]
[Date "2023.05.16"]
[WhiteClock "0:00:07"]
[BlackClock "0:00:03"]

1. e4 c5 2. Nf3 Nc6 3. d4 cxd4 4. Nxd4 Nf6 5. Nc3 d6 6. Be3 Ng4 7. Nxc6 bxc6 8. Qd2 Nxe3 9. Qxe3 g6 10. Qd4 e5 11. Qc4 Qb6 12. O-O-O Be6 13. Qa4 Rb8 14. b3 Ke7 15. Kb1 Bg7 16. Bc4 Rhc8 17. f3 Bh6 18. Bxe6 fxe6 19. Qa3 Rd8 20. Rd3 Be3 21. Rhd1 Bc5 22. Qc1 Kf7 23. Na4 Qa5 24. Nxc5 Qxc5 25. Qh6 Kg8 26. Qh3 Kf7 27. Qxh7+ Kf6 28. Qh4+ Kf7 29. f4 Rh8 30. Qg3 Rb7 31. fxe5 dxe5 32. Rd7+ Rxd7 33. Rxd7+ Ke8 34. Rb7 Qg1+ 35. Kb2 Qd4+ 36. Kc1 Qg1+ 37. Kd2 Qd4+ 38. Qd3 Rxh2 39. Qxd4 Rxg2+ 40. Kd3 exd4 41. Kxd4 Rxc2 42. Ke5 Rxa2 43. Kxe6 Kd8 44. e5 a5 45. Kf6 Rf2+ 46. Kxg6 Re2 47. Kf6 Rf2+ 48. Ke6 Re2 49. Kd6 Kc8 50. Ra7 Rd2+ 51. Kxc6 Rd3 52. Ra8# 1-0


[Site "https://www.chess.com"]

[Event "Titled Tuesday Blitz May 16 Early 2023"]
[White "Dobre, Claudiu-Cristian"]
[Black "Rosh Jain"]
[WhiteFideId "1211854"]
[BlackFideId "25789465"]
[WhiteElo "2207"]
[BlackElo "2233"]
[Result "1-0"]
[Round "08"]
[TimeControl "180+2"]
[Date "2023.05.16"]
[WhiteClock "0:00:18"]
[BlackClock "0:01:10"]

1. e4 c5 2. b3 d6 3. Bb5+ Bd7 4. Bxd7+ Nxd7 5. f4 Ngf6 6. Nc3 g6 7. Bb2 Bg7 8. d3 Qa5 9. Ne2 d5 10. exd5 Nxd5 11. Qd2 Nxc3 12. Bxc3 Bxc3 13. Qxc3 Qxc3+ 14. Nxc3 Nf6 15. Kf2 O-O-O 16. Rhe1 e6 17. g3 a6 18. a4 Rd7 19. h3 Rhd8 20. Re5 Rc7 21. a5 Nd7 22. Re4 b6 23. axb6 Nxb6 24. Rxa6 Kb7 25. Ra5 Rd4 26. Nb5 Rxe4 27. Nd6+ Kc6 28. Nxe4 Nd7 29. Ng5 Nf6 30. Ke3 h6 31. Ne4 Nd5+ 32. Kd2 Kb6 33. Ra8 Ne7 34. Nd6 Nd5 35. Rf8 f6 36. Re8 Ne7 37. Rxe7 Rxe7 38. Nc8+ Kc7 39. Nxe7 Kd7 40. Nxg6 1-0


[Site "https://www.chess.com"]

[Event "Titled Tuesday Blitz May 16 Early 2023"]
[White "Goldin, Roman"]
[Black "electrosaw"]
[WhiteFideId "2803860"]
[WhiteElo "2312"]
[BlackElo "2464"]
[Result "1-0"]
[Round "08"]
[TimeControl "180+2"]
[Date "2023.05.16"]
[WhiteClock "0:00:16"]
[BlackClock "0:00:18"]

1. e4 c5 2. Nf3 g6 3. Bc4 Nc6 4. d3 Bg7 5. a3 e6 6. O-O Nge7 7. Ba2 d5 8. Nc3 O-O 9. h3 a6 10. exd5 exd5 11. Bf4 Be6 12. Re1 h6 13. Qd2 Kh7 14. Bh2 Nf5 15. Ne2 Qd7 16. c3 g5 17. d4 cxd4 18. Nexd4 Nfxd4 19. cxd4 Rac8 20. Rad1 Bf5 21. Ne5 Qd8 22. g4 Bg6 23. Nxg6 fxg6 24. Be5 Nxe5 25. dxe5 Qb6 26. e6 Rce8 27. Bxd5 Rf4 28. Kg2 Bd4 29. Re2 Qc5 30. Bxb7 a5 31. f3 Qd6 32. Be4 a4 33. Qxd4 1-0


[Site "https://www.chess.com"]

[Event "Titled Tuesday Blitz May 16 Early 2023"]
[White "Sowul, Bartosz"]
[Black "Jodorcovsky Werjivker, Paulo"]
[WhiteFideId "1137590"]
[BlackFideId "3700305"]
[WhiteElo "2188"]
[BlackElo "2120"]
[Result "1-0"]
[Round "08"]
[TimeControl "180+2"]
[Date "2023.05.16"]
[WhiteClock "0:00:16"]
[BlackClock "0:00:04"]

1. e4 e5 2. Nf3 Nc6 3. Bb5 a6 4. Bxc6 dxc6 5. O-O Bd6 6. d4 exd4 7. Qxd4 f6 8. Be3 Ne7 9. Nbd2 O-O 10. Rad1 Be6 11. Nc4 Bb4 12. Nb6 Qxd4 13. Rxd4 c5 14. Nxa8 cxd4 15. Nxd4 Bc4 16. Nxc7 Bxf1 17. Kxf1 Rc8 18. Nce6 Nc6 19. c3 Bd6 20. g3 Ne5 21. f4 Nc4 22. Bc1 b5 23. b3 Ba3 24. bxc4 Bxc1 25. c5 Bd2 26. Ke2 Bxc3 27. Kd3 Bb4 28. c6 Kf7 29. f5 Ke7 30. Nxg7 Bc5 31. Nge6 Bd6 32. Ke3 Rg8 33. Kf3 h5 34. Nf4 h4 35. g4 Bc5 36. Nde6 Bb6 37. Nd5+ Kd6 38. Nxb6 Kxc6 39. Nd5 Kd6 40. Nxf6 Rc8 41. g5 Ke5 42. Nd7+ Kd6 43. Ndc5 a5 44. g6 a4 45. g7 a3 46. f6 b4 47. f7 b3 48. f8=Q+ Rxf8+ 49. gxf8=Q+ Ke5 50. Qf4# 1-0


[Site "https://www.chess.com"]

[Event "Titled Tuesday Blitz May 16 Early 2023"]
[White "dDobravcan"]
[Black "Turzo, Attila"]
[BlackFideId "704954"]
[WhiteElo "2151"]
[BlackElo "2461"]
[Result "0-1"]
[Round "08"]
[TimeControl "180+2"]
[Date "2023.05.16"]
[WhiteClock "0:00:00"]
[BlackClock "0:00:24"]

1. d4 d5 2. Nc3 c6 3. Bf4 Bf5 4. e3 e6 5. f3 Bd6 6. Nge2 Ne7 7. h4 h6 8. g4 Bh7 9. Qd2 Bxf4 10. Nxf4 Nd7 11. Bd3 Bxd3 12. Nxd3 Qc7 13. O-O-O O-O-O 14. e4 Kb8 15. f4 h5 16. f5 dxe4 17. Nxe4 exf5 18. Ng5 Rdf8 19. gxh5 Rxh5 20. Rde1 Nd5 21. c4 N5f6 22. Qf2 g6 23. Re7 Qd6 24. Rhe1 Ne4 25. R7xe4 fxe4 26. Nxe4 Qc7 27. d5 Ne5 28. Ndc5 cxd5 29. cxd5 Nd3+ 30. Kb1 Nxf2 31. d6 Qc6 32. b4 Nxe4 33. Rxe4 Qxd6 0-1


[Site "https://www.chess.com"]

[Event "Titled Tuesday Blitz May 16 Early 2023"]
[White "Rom, Jasper"]
[Black "KSho99"]
[WhiteFideId "2023733"]
[WhiteElo "2233"]
[BlackElo "2173"]
[Result "1-0"]
[Round "08"]
[TimeControl "180+2"]
[Date "2023.05.16"]
[WhiteClock "0:00:12"]
[BlackClock "0:00:00"]

1. e4 e6 2. d4 d5 3. Bd3 dxe4 4. Bxe4 Nf6 5. Bf3 Bd6 6. Ne2 e5 7. dxe5 Bxe5 8. Qxd8+ Kxd8 9. Nd2 c6 10. Nc4 Bc7 11. Bg5 Nd7 12. O-O-O b5 13. Bxf6+ gxf6 14. Bxc6 Rb8 15. Ne3 Rb6 16. Nd4 Be5 17. Nef5 Kc7 18. Bxb5 Nc5 19. Ne3 Bb7 20. Bc4 Ne6 21. Nb5+ Kb8 22. c3 Rc8 23. Bxe6 fxe6 24. Nd4 Be4 25. Rhe1 Bg6 26. g3 Ra6 27. a3 Ra4 28. f4 Bxd4 29. Nc2 Bb6 30. Rxe6 Re4 31. Rxf6 Re2 32. Rd2 Rce8 33. Nd4 Re1+ 34. Rd1 Rxd1+ 35. Kxd1 Rd8 36. Ke2 Bxd4 37. cxd4 Rxd4 38. f5 Be8 39. Rf8 Re4+ 40. Kf3 Re1 41. f6 Kc7 42. f7 Bd7 43. Rc8+ Bxc8 44. Kf2 Re5 45. f8=Q Rf5+ 46. Qxf5 Bxf5 47. Ke3 Kd6 48. Kf4 Bd7 49. Kg5 Ke5 50. g4 1-0


[Site "https://www.chess.com"]

[Event "Titled Tuesday Blitz May 16 Early 2023"]
[White "Chernov, Mikhail"]
[Black "Sailer, Mike"]
[WhiteFideId "24143170"]
[BlackFideId "2012901"]
[WhiteElo "2113"]
[BlackElo "2109"]
[Result "0-1"]
[Round "08"]
[TimeControl "180+2"]
[Date "2023.05.16"]
[WhiteClock "0:00:33"]
[BlackClock "0:00:38"]

1. e4 d5 2. exd5 Qxd5 3. Nc3 Qd6 4. d4 Nf6 5. Nf3 c6 6. Ne5 Nbd7 7. Nc4 Qc7 8. Qf3 Nb6 9. Bf4 Qd8 10. O-O-O Bg4 11. Qe3 Bxd1 12. Nxd1 Nbd5 13. Qd2 Nxf4 14. Qxf4 e6 15. Nde3 Nd5 16. Nxd5 Qxd5 17. Ne5 f6 18. Nf3 Bd6 19. Qg4 Qxa2 20. Qxg7 O-O-O 21. c3 Bf4+ 22. Kc2 Qa4+ 23. Kb1 Qd1+ 24. Ka2 Rhe8 25. Qxf6 Rd5 26. Bb5 Qxh1 27. Qxf4 Rxb5 0-1


[Site "https://www.chess.com"]

[Event "Titled Tuesday Blitz May 16 Early 2023"]
[White "Hinds, Nathan"]
[Black "Aradhya, Garg"]
[WhiteFideId "7400730"]
[BlackFideId "25006746"]
[WhiteElo "2001"]
[BlackElo "2263"]
[Result "0-1"]
[Round "08"]
[TimeControl "180+2"]
[Date "2023.05.16"]
[WhiteClock "0:00:44"]
[BlackClock "0:01:47"]

1. Nf3 Nf6 2. c4 c5 3. g3 Nc6 4. Bg2 g6 5. O-O Bg7 6. d4 d6 7. Nc3 O-O 8. d5 Na5 9. Qd3 a6 10. e4 b5 11. Nd2 Rb8 12. b3 b4 13. e5 Ng4 14. Na4 Nxe5 15. Qb1 Bd7 16. Bb2 Bxa4 17. bxa4 Naxc4 18. Nxc4 Nxc4 19. Bxg7 Kxg7 20. Re1 Re8 21. h4 Qd7 22. Qc2 Na3 23. Qb2+ f6 24. Re6 Qxa4 25. Rae1 Qd7 26. h5 Nc4 27. Qc2 Ne5 28. hxg6 hxg6 29. Qe4 c4 30. f4 Qa7+ 31. Kf1 Ng4 32. f5 Qf2# 0-1


[Site "https://www.chess.com"]

[Event "Titled Tuesday Blitz May 16 Early 2023"]
[White "Andreev, Konstantin"]
[Black "Goswami, Vedant"]
[WhiteFideId "24239305"]
[BlackFideId "5003725"]
[WhiteElo "2106"]
[BlackElo "2011"]
[Result "1-0"]
[Round "08"]
[TimeControl "180+2"]
[Date "2023.05.16"]
[WhiteClock "0:01:27"]
[BlackClock "0:00:00"]

1. e4 g6 2. d4 Bg7 3. Nc3 d6 4. h4 h5 5. Be3 Nf6 6. f3 c6 7. Qd2 Nbd7 8. Nh3 b5 9. Ng5 Nb6 10. O-O-O b4 11. Nb1 a5 12. Qf2 Rb8 13. Nd2 a4 14. Kb1 a3 15. b3 d5 16. e5 Nh7 17. Bd3 Nxg5 18. hxg5 Be6 19. g4 hxg4 20. Rxh8+ Bxh8 21. Rh1 Kd7 22. f4 Bg7 23. f5 gxf5 24. Bxf5 Qg8 25. Bxe6+ fxe6 26. Qg3 Rf8 27. Qxg4 Qf7 28. g6 Qf5 29. Qxf5 exf5 30. Rh7 Rg8 31. Nf3 Bf8 32. Nh4 Ke8 33. Bg5 Nd7 34. Kc1 Nb8 35. Kd2 Na6 36. Ke3 Nc7 37. Kf4 e6 38. Bf6 Nb5 39. g7 Bxg7 40. Rxg7 Rxg7 41. Bxg7 Nxd4 42. Nf3 Nxc2 43. Bh6 c5 44. Nd2 Kd7 45. Kf3 Kc6 46. Ke2 Kb5 47. Kd3 Nd4 48. Be3 Nc6 49. Kc2 Nxe5 50. Bf4 Nc6 51. Bd6 1-0


[Site "https://www.chess.com"]

[Event "Titled Tuesday Blitz May 16 Early 2023"]
[White "Sharapov, Evgeny"]
[Black "Skaric, Djuro"]
[WhiteFideId "14103133"]
[BlackFideId "934569"]
[WhiteElo "2367"]
[BlackElo "2282"]
[Result "1-0"]
[Round "08"]
[TimeControl "180+2"]
[Date "2023.05.16"]
[WhiteClock "0:01:51"]
[BlackClock "0:00:44"]

1. e4 d6 2. d4 g6 3. Nc3 Bg7 4. f4 Nf6 5. Nf3 O-O 6. Bd3 Nc6 7. e5 Ng4 8. h3 Nh6 9. g4 dxe5 10. dxe5 Nd4 11. Be3 Nxf3+ 12. Qxf3 f6 13. exf6 exf6 14. O-O-O Qe8 15. f5 Nf7 16. fxg6 Ne5 17. gxh7+ Kh8 18. Qg3 Nxd3+ 19. Rxd3 Qc6 20. Rhd1 Be6 21. Qh4 b5 22. Bh6 Bxh6+ 23. Qxh6 b4 24. Nd5 f5 25. Ne7 Qb6 26. Ng6# 1-0


[Site "https://www.chess.com"]

[Event "Titled Tuesday Blitz May 16 Early 2023"]
[White "Marcziter, Dmitrii"]
[Black "Przybylski, Wojciech"]
[WhiteFideId "13900765"]
[BlackFideId "1117599"]
[WhiteElo "2162"]
[BlackElo "2222"]
[Result "0-1"]
[Round "08"]
[TimeControl "180+2"]
[Date "2023.05.16"]
[WhiteClock "0:00:25"]
[BlackClock "0:01:47"]

1. e4 c5 2. Nc3 d6 3. f4 Nf6 4. Nf3 g6 5. Bc4 Bg7 6. d3 O-O 7. O-O a6 8. a4 e6 9. Kh1 d5 10. Ba2 Nc6 11. f5 dxe4 12. Nxe4 Nxe4 13. dxe4 Qxd1 14. Rxd1 exf5 15. exf5 Bxf5 16. c3 Rad8 17. Bg5 Rd3 18. Rxd3 Bxd3 19. Re1 h6 20. Bf4 c4 21. Bd2 b5 22. b3 cxb3 23. Bxb3 Na5 24. Bd1 Nc4 25. axb5 axb5 26. Bf4 Bxc3 27. Re7 Ra8 28. Rd7 Bf5 29. Bxh6 Bxd7 0-1


[Site "https://www.chess.com"]

[Event "Titled Tuesday Blitz May 16 Early 2023"]
[White "Reprintsev, Alexander"]
[Black "Smith, Shreyas"]
[WhiteFideId "14100541"]
[BlackFideId "7400713"]
[WhiteElo "2218"]
[BlackElo "2151"]
[Result "1-0"]
[Round "08"]
[TimeControl "180+2"]
[Date "2023.05.16"]
[WhiteClock "0:01:50"]
[BlackClock "0:00:00"]

1. e4 c5 2. b3 g6 3. Bb2 Nf6 4. e5 Nd5 5. Nc3 Nxc3 6. dxc3 Bg7 7. Qd5 Qc7 8. Nf3 O-O 9. O-O-O Nc6 10. Qxc5 b6 11. Qd5 Bb7 12. Qxd7 Qb8 13. e6 Bh6+ 14. Nd2 Rd8 15. exf7+ Kxf7 16. Bc4+ Kf8 17. Qe6 Ke8 18. Qf7+ Kd7 19. Kb1 Kc7 20. Nf3 1-0


[Site "https://www.chess.com"]

[Event "Titled Tuesday Blitz May 16 Early 2023"]
[White "I_KID_you_not"]
[Black "Kuznetsov, Mikhail"]
[BlackFideId "4117190"]
[WhiteElo "2322"]
[BlackElo "1981"]
[Result "0-1"]
[Round "08"]
[TimeControl "180+2"]
[Date "2023.05.16"]
[WhiteClock "0:00:53"]
[BlackClock "0:00:02"]

1. d4 Nf6 2. Nc3 d5 3. Bf4 a6 4. e3 g6 5. h4 h5 6. Nf3 Bg7 7. Ne5 O-O 8. Be2 Nbd7 9. f3 Re8 10. Qd2 Nf8 11. g4 Ne6 12. O-O-O Nxf4 13. exf4 c6 14. f5 gxf5 15. Kb1 fxg4 16. fxg4 Nxg4 17. Bxg4 hxg4 18. Qf4 f6 19. Nxg4 Qd6 20. Qf3 e5 21. Ne2 e4 22. Qg2 Qe6 23. Rdg1 Qxg4 24. Qxg4 Bxg4 25. Rxg4 Kh7 26. Rhg1 Bh6 27. Rg6 f5 28. Rf6 Rf8 29. Rgg6 Rxf6 30. Rxf6 Rf8 31. Rg6 0-1


[Site "https://www.chess.com"]

[Event "Titled Tuesday Blitz May 16 Early 2023"]
[White "Weber, Samuel"]
[Black "Balla, Tamas-Kristof"]
[WhiteFideId "12924008"]
[BlackFideId "1208497"]
[WhiteElo "2162"]
[BlackElo "2334"]
[Result "1/2-1/2"]
[Round "08"]
[TimeControl "180+2"]
[Date "2023.05.16"]
[WhiteClock "0:00:07"]
[BlackClock "0:00:03"]

1. b3 e5 2. Bb2 Nc6 3. c4 Nf6 4. e3 a6 5. Nc3 d5 6. cxd5 Nxd5 7. a3 Be6 8. Qc2 Qd7 9. Nf3 f6 10. b4 Be7 11. Be2 O-O 12. O-O Kh8 13. Rac1 Rfd8 14. Rfd1 Nb6 15. d4 exd4 16. Nxd4 Nxd4 17. Rxd4 Qe8 18. Re4 Qf7 19. Bh5 g6 20. Bf3 Bf5 21. Rxe7 Qxe7 22. Ne4 Bxe4 23. Qxe4 Qxe4 24. Bxf6+ Kg8 25. Bxe4 Rd2 26. Bxb7 Rf8 27. Bh4 Nc4 28. g4 Ne5 29. h3 Nf3+ 30. Bxf3 Rxf3 31. Rxc7 Ra2 32. Kg2 Rf7 33. Rc8+ Rf8 34. Rc7 Rf7 35. Rc8+ Rf8 36. Rc6 Rxa3 37. Bg3 Re8 38. Bd6 Re6 39. Rc8+ Kf7 40. Bc5 Rc3 41. Rc7+ Ke8 42. Rc8+ Kd7 43. Rh8 a5 44. Rxh7+ Kc6 45. Bd4 axb4 46. Ra7 Kb5 47. Rb7+ Kc4 48. Rc7+ Kd3 49. Bxc3 bxc3 50. Rd7+ Ke2 51. Rb7 Kd2 52. Rd7+ Ke2 53. Rc7 Kd2 54. Rd7+ Ke2 1/2-1/2


[Site "https://www.chess.com"]

[Event "Titled Tuesday Blitz May 16 Early 2023"]
[White "Titichoca Daza, Daniel"]
[Black "Jiganchine, Roman"]
[WhiteFideId "3309550"]
[BlackFideId "2603667"]
[WhiteElo "2101"]
[BlackElo "2262"]
[Result "0-1"]
[Round "08"]
[TimeControl "180+2"]
[Date "2023.05.16"]
[WhiteClock "0:00:00"]
[BlackClock "0:00:08"]

1. e4 c6 2. d4 d5 3. e5 Bf5 4. Bd3 Bxd3 5. Qxd3 e6 6. Ne2 Qa5+ 7. Bd2 Qa6 8. Qxa6 Nxa6 9. O-O h5 10. b3 Ne7 11. c4 Nf5 12. Nbc3 Bb4 13. Nb1 Be7 14. Nbc3 O-O 15. a3 Rfc8 16. Rfc1 Kf8 17. c5 b6 18. b4 Nc7 19. a4 bxc5 20. bxc5 Rcb8 21. Rcb1 Na6 22. f3 Bd8 23. Kf2 h4 24. g4 hxg3+ 25. hxg3 Nb4 26. g4 Nh6 27. Bxh6 gxh6 28. f4 Nc2 29. Nc1 Nxa1 30. Rxa1 Ba5 31. N3e2 Rb2 32. Nd3 Rb3 33. Ndc1 Rb7 34. Nd3 Rab8 35. Rh1 Kg7 36. f5 Bd2 37. Ng3 Bg5 38. Nh5+ Kf8 39. Ke2 Rb3 40. Rf1 Rb1 41. Rf3 Ra1 42. fxe6 Ra2+ 43. Kf1 Rb1+ 44. Ne1 Raa1 45. Rxf7+ Ke8 46. Ng7+ Kd8 47. Rf8+ Kc7 48. Rf7+ Kb8 49. Rf8+ Kb7 50. e7 Rxe1+ 51. Kg2 Rg1+ 52. Kh2 Rh1+ 53. Kg2 Rag1+ 54. Kf2 Bxe7 0-1


[Site "https://www.chess.com"]

[Event "Titled Tuesday Blitz May 16 Early 2023"]
[White "Mazurkiewicz, Michal"]
[Black "Thiel, Thomas"]
[WhiteFideId "1124943"]
[BlackFideId "4615964"]
[WhiteElo "2054"]
[BlackElo "2204"]
[Result "0-1"]
[Round "08"]
[TimeControl "180+2"]
[Date "2023.05.16"]
[WhiteClock "0:00:00"]
[BlackClock "0:00:55"]

1. e4 d5 2. exd5 Nf6 3. Nf3 Nxd5 4. d4 g6 5. c4 Nb6 6. Be2 Bg7 7. Be3 O-O 8. O-O c5 9. Nc3 cxd4 10. Nxd4 Nc6 11. Nxc6 bxc6 12. Qb3 Be6 13. a4 Rb8 14. Bf4 Nxc4 15. Bxb8 Nd2 16. Qxe6 fxe6 17. Rfd1 Qxb8 18. Rxd2 Qf4 19. Rad1 Qxf2+ 20. Kh1 Bxc3 21. bxc3 Qe3 22. Bc4 Qxc3 23. Bxe6+ Kg7 24. Rd7 Qf6 25. Bc4 Kh6 26. h3 Qf4 27. Bf1 Qxa4 28. Re1 Rf7 29. Be2 Qa5 30. Rdd1 Rf2 31. Bf3 Qb4 32. Rf1 Rxf1+ 33. Rxf1 a5 34. g4 a4 35. h4 a3 36. g5+ Kg7 37. Kg2 a2 38. Kg3 Qb2 39. Bxc6 Qe5+ 40. Kh3 a1=Q 0-1


[Site "https://www.chess.com"]

[Event "Titled Tuesday Blitz May 16 Early 2023"]
[White "Chakravarthi Reddy, M"]
[Black "Omariev, Maksim"]
[WhiteFideId "25009532"]
[BlackFideId "4193423"]
[WhiteElo "2201"]
[BlackElo "2412"]
[Result "0-1"]
[Round "08"]
[TimeControl "180+2"]
[Date "2023.05.16"]
[WhiteClock "0:00:14"]
[BlackClock "0:00:19"]

1. e4 c5 2. Nf3 d6 3. d4 cxd4 4. Nxd4 Nf6 5. Nc3 a6 6. Rg1 b5 7. a4 b4 8. Nd5 Bb7 9. Nxf6+ gxf6 10. Bd3 Nd7 11. f4 e6 12. Qh5 d5 13. f5 e5 14. Ne6 Qb6 15. Rf1 dxe4 16. Bc4 Rc8 17. Ng7+ Bxg7 18. Qxf7+ Kd8 19. Be6 Bc6 20. Qxg7 Kc7 21. a5 Qc5 22. Bxd7 Bxd7 23. Qxf6 Bb5 24. Qg7+ Kb8 25. Rh1 Rhg8 26. Qh6 Rxg2 27. Be3 Re2+ 28. Kd1 Qxc2# 0-1


[Site "https://www.chess.com"]

[Event "Titled Tuesday Blitz May 16 Early 2023"]
[White "Pandey Srishti"]
[Black "Jaivardhan Raj"]
[WhiteFideId "35093290"]
[BlackFideId "25744437"]
[WhiteElo "2123"]
[BlackElo "1772"]
[Result "1-0"]
[Round "08"]
[TimeControl "180+2"]
[Date "2023.05.16"]
[WhiteClock "0:00:01"]
[BlackClock "0:00:13"]

1. e4 c5 2. Nf3 e6 3. d4 cxd4 4. Nxd4 Nc6 5. Nc3 a6 6. Nxc6 bxc6 7. Bd3 Qc7 8. O-O d5 9. Kh1 Bb4 10. Bd2 Ne7 11. a3 Ba5 12. b4 Bb6 13. Rb1 Bd7 14. Na4 Ba7 15. Qg4 Ng6 16. Bc3 e5 17. Qg3 d4 18. Bd2 O-O 19. Nb2 Be6 20. Nc4 c5 21. b5 axb5 22. Rxb5 Rab8 23. Rbb1 Rxb1 24. Rxb1 Rb8 25. Re1 f6 26. h3 Qf7 27. Nd6 Qd7 28. Nc4 Rd8 29. Ba5 Rb8 30. Qf3 Qf7 31. Nd6 Qd7 32. Nc4 Qa4 33. Bc7 Rc8 34. Nb2 Qxa3 35. Bc4 Qxf3 36. Bxe6+ Kf8 37. Bd6+ Ke8 38. gxf3 Rc6 39. Nc4 Nf4 40. Bd5 Ra6 41. Rb1 Nxh3 42. Bb7 Ra2 43. Bc6+ Kf7 44. Rb7+ Kg6 45. Bf8 Nxf2+ 46. Kg2 Rxc2 47. Rxg7+ Kh6 48. Rg4+ Kh5 49. Be8# 1-0


[Site "https://www.chess.com"]